[Event "GambitGuide"]
[Site "Internet Chess Club"]
[Date "2014.10.31"]
[Round "1"]
[White "JSBach"]
[Black "fearlessone"]
[Result "1-0"]
[ICCResult "Black checkmated"]
[WhiteElo "1653"]
[BlackElo "1812"]
[Opening "Vienna: `Frankenstein-Dracula' variation"]
[ECO "C27"]
[NIC "VG.02"]
[Time "22:36:43"]
[TimeControl "120+12"]

1. e4 e5 2. Nc3 Nf6 3. Bc4 Nxe4 4. Qh5 Nd6 5. Bb3 Nc6 6. Nb5 g6 7. Qf3 f5 8.
Qd5 Qe7 9. Nxc7+ Kd8 10. Nxa8 b6 11. d3 Bb7 12. Nxb6 axb6 13. Qf3 Nd4 14.
Qg3 Bg7 15. Bg5 Bf6 16. Bxf6 Qxf6 17. Ba4 b5 18. Bb3 h5 19. Qh3 f4 20. c3
Nxb3 21. axb3 g5 22. Nf3 e4 23. dxe4 Bxe4 24. Ra7 Re8 25. Qxd7#
{Black checkmated}
1-0

[Event "GambitGuide"]
[Site "Internet Chess Club"]
[Date "2014.10.31"]
[Round "1"]
[White "JSBach"]
[Black "Roaringknights"]
[Result "1-0"]
[ICCResult "Black resigns"]
[WhiteElo "1653"]
[BlackElo "1808"]
[Opening "Vienna: `Frankenstein-Dracula' variation"]
[ECO "C27"]
[NIC "VG.02"]
[Time "22:35:13"]
[TimeControl "120+12"]

1. e4 e5 2. Nc3 Nf6 3. Bc4 Nxe4 4. Qh5 Nd6 5. Bb3 Nc6 6. Nb5 g6 7. Qf3 f5 8.
Qd5 Qe7 9. Nxc7+ Kd8 10. Nxa8 b6 11. d3 e4 12. dxe4 Nxe4 13. Be3 f4 14. f3
Nf6 15. Qf7 Qxe3+ 16. Kf1 Be7 17. Re1 Ba6+ 18. Bc4 Bxc4+ 19. Qxc4 Qc5 20.
Qxf4 Nd5 21. Qe4 Re8 22. c4 Ndb4 23. a3 Na6 24. b4 Qg5 25. Nh3 Qf6 26. Nf4
{Black resigns}
1-0

[Event "GambitGuide"]
[Site "Internet Chess Club"]
[Date "2014.10.31"]
[Round "1"]
[White "JSBach"]
[Black "FischerKing"]
[Result "1-0"]
[ICCResult "Black resigns"]
[WhiteElo "1653"]
[BlackElo "1739"]
[Opening "Vienna: `Frankenstein-Dracula' variation"]
[ECO "C27"]
[NIC "VG.02"]
[Time "22:36:45"]
[TimeControl "120+12"]

1. e4 e5 2. Nc3 Nf6 3. Bc4 Nxe4 4. Qh5 Nd6 5. Bb3 Nc6 6. Nb5 g6 7. Qf3 f5 8.
Qd5 Qe7 9. Nxc7+ Kd8 10. Nxa8 b6 11. d3 Nd4 12. f4 Bb7 13. Qxe5 Nxb3 14.
axb3 Bxa8 15. Kf1 a5 16. Qxh8 Kc7 17. b4 Nb5 18. bxa5 Nd4 19. axb6+ Kb7 20.
Qxd4 {Black resigns} 1-0

[Event "GambitGuide"]
[Site "Internet Chess Club"]
[Date "2014.10.31"]
[Round "1"]
[White "JSBach"]
[Black "fearlessone"]
[Result "1-0"]
[ICCResult "Black checkmated"]
[WhiteElo "1653"]
[BlackElo "1812"]
[Opening "Vienna: `Frankenstein-Dracula' variation"]
[ECO "C27"]
[NIC "VG.02"]
[Time "22:37:46"]
[TimeControl "120+12"]

1. e4 e5 2. Nc3 Nf6 3. Bc4 Nxe4 4. Qh5 Nd6 5. Bb3 Nc6 6. Nb5 g6 7. Qf3 f5 8.
Qd5 Qe7 9. Nxc7+ Kd8 10. Nxa8 b6 11. d3 Bb7 12. Nxb6 axb6 13. Qf3 Bg7 14.
Be3 Nd4 15. Qh3 Nxb3 16. Bxb6+ Kc8 17. axb3 h5 18. Qg3 Qf6 19. b4 g5 20. Nf3
Bh6 21. Nxe5 Re8 22. d4 f4 23. Qc3+ Kb8 24. Qc7# {Black checkmated} 1-0

[Event "GambitGuide"]
[Site "Internet Chess Club"]
[Date "2014.10.31"]
[Round "1"]
[White "JSBach"]
[Black "jmkchess"]
[Result "1-0"]
[ICCResult "Black resigns"]
[WhiteElo "1653"]
[BlackElo "2024"]
[Opening "Vienna: `Frankenstein-Dracula' variation"]
[ECO "C27"]
[NIC "VG.02"]
[Time "22:38:08"]
[TimeControl "120+12"]

1. e4 e5 2. Nc3 Nf6 3. Bc4 Nxe4 4. Qh5 Nd6 5. Bb3 Nc6 6. Nb5 g6 7. Qf3 f5 8.
Qd5 Qe7 9. Nxc7+ Kd8 10. Nxa8 b6 11. d3 Bb7 12. Nxb6 Nd4 13. Bg5 Qxg5 14.
Qxe5 Qxg2 15. Qxh8 Qxh1 16. Qxf8+ Kc7 17. Na8+ Bxa8 18. O-O-O Qc6 19. Re1
Nxb3+ 20. axb3 Nb5 21. Qb4 {Black resigns} 1-0

[Event "GambitGuide"]
[Site "Internet Chess Club"]
[Date "2014.10.31"]
[Round "1"]
[White "JSBach"]
[Black "SlippinAway"]
[Result "1/2-1/2"]
[ICCResult "Game drawn by repetition"]
[WhiteElo "1653"]
[BlackElo "2064"]
[Opening "Vienna: `Frankenstein-Dracula' variation"]
[ECO "C27"]
[NIC "VG.02"]
[Time "22:36:56"]
[TimeControl "120+12"]

1. e4 e5 2. Nc3 Nf6 3. Bc4 Nxe4 4. Qh5 Nd6 5. Bb3 Nc6 6. Nb5 g6 7. Qf3 f5 8.
Qd5 Qe7 9. Nxc7+ Kd8 10. Nxa8 b6 11. d3 Bg7 12. h4 h6 13. Ba4 Bb7 14. Nxb6
axb6 15. Qb3 Kc7 16. Be3 Nc8 17. Qb5 f4 18. Bd2 Nd4 19. Qc4+ Bc6 20. Bxc6
dxc6 21. Rd1 b5 22. Qc3 Nb6 23. b3 e4 24. Bxf4+ Kb7 25. Kf1 Nd5 26. Qd2 exd3
27. cxd3 Rf8 28. Re1 Qf7 29. Bd6 Rd8 30. Bc5 Nf5 31. Ne2 Re8 32. Qa5 Ra8 33.
Qd2 Re8 34. Qa5 Ra8 35. Qd2 Re8 36. Qa5 {Game drawn by repetition} 1/2-1/2

[Event "GambitGuide"]
[Site "Internet Chess Club"]
[Date "2014.10.31"]
[Round "1"]
[White "JSBach"]
[Black "Submundo"]
[Result "1-0"]
[ICCResult "Black resigns"]
[WhiteElo "1653"]
[BlackElo "1557"]
[Opening "Vienna: `Frankenstein-Dracula' variation"]
[ECO "C27"]
[NIC "VG.02"]
[Time "22:36:50"]
[TimeControl "120+12"]

1. e4 e5 2. Nc3 Nf6 3. Bc4 Nxe4 4. Qh5 Nd6 5. Bb3 Nc6 6. Nb5 g6 7. Qf3 f5 8.
Qd5 Qe7 9. Nxc7+ Kd8 10. Nxa8 b6 11. d3 Nd4 12. f4 Bg7 13. fxe5 Bxe5 14. Kd1
Bb7 15. Bg5 Qxg5 16. Qxe5 Nxb3 17. Qxh8+ Ke7 18. axb3 Qxg2 19. Qxh7+ Nf7 20.
Qh4+ g5 21. Qe1+ Kf6 22. Nxb6 axb6 23. Qc3+ Ne5 24. d4 Ng4 25. Qc7 Ne3+ 26.
Kc1 f4 27. Qd6+ Kg7 28. Qxd7+ Kg6 29. Qe6+ Kh5 30. Qf7+ Kg4 31. Qe6+ Kh5 32.
Qe8+ Kg4 33. Qe6+ Kh5 34. Qf7+ Kg4 35. Qe6+ Kh4 36. Qh6+ Kg4 37. h3+ Kg3 38.
Qxg5+ Kf2 39. Qxf4+ Bf3 40. Rh2 {Black resigns} 1-0

[Event "GambitGuide"]
[Site "Internet Chess Club"]
[Date "2014.10.31"]
[Round "1"]
[White "JSBach"]
[Black "bluepickle1"]
[Result "0-1"]
[ICCResult "White checkmated"]
[WhiteElo "1653"]
[BlackElo "1098"]
[Opening "Vienna: `Frankenstein-Dracula' variation"]
[ECO "C27"]
[NIC "VG.02"]
[Time "22:36:10"]
[TimeControl "120+12"]

1. e4 e5 2. Nc3 Nf6 3. Bc4 Nxe4 4. Qh5 Nd6 5. Bb3 Nc6 6. Nb5 g6 7. Qf3 f5 8.
Qd5 Qe7 9. Nxc7+ Kd8 10. Nxa8 b6 11. d3 Bb7 12. Nxb6 axb6 13. Qf3 Nd4 14.
Qh3 Nxb3 15. axb3 Kc7 16. b4 Nb5 17. c3 Qd6 18. Bg5 f4 19. Ra4 Nxc3 20. bxc3
Qc6 21. b5 Qxc3+ 22. Kf1 Qc1+ 23. Ke2 Qc2+ 24. Ke1 Qxa4 25. Bf6 Bb4+ 26. Ke2
Qc2+ 27. Kf1 Qd1# {White checkmated} 0-1

[Event "GambitGuide"]
[Site "Internet Chess Club"]
[Date "2014.10.31"]
[Round "1"]
[White "JSBach"]
[Black "SlippinAway"]
[Result "1-0"]
[ICCResult "Black resigns"]
[WhiteElo "1653"]
[BlackElo "2064"]
[Opening "Vienna: `Frankenstein-Dracula' variation"]
[ECO "C27"]
[NIC "VG.02"]
[Time "22:39:26"]
[TimeControl "120+12"]

1. e4 e5 2. Nc3 Nf6 3. Bc4 Nxe4 4. Qh5 Nd6 5. Bb3 Nc6 6. Nb5 g6 7. Qf3 f5 8.
Qd5 Qe7 9. Nxc7+ Kd8 10. Nxa8 b6 11. d3 h6 12. Ba4 Bb7 13. Nxb6 axb6 14. Qb3
Kc7 15. Ne2 g5 16. Be3 Nc8 17. Nc3 f4 18. Nd5+ {Black resigns} 1-0

[Event "GambitGuide"]
[Site "Internet Chess Club"]
[Date "2014.10.31"]
[Round "1"]
[White "JSBach"]
[Black "jmkchess"]
[Result "1-0"]
[ICCResult "Black resigns"]
[WhiteElo "1653"]
[BlackElo "2024"]
[Opening "Vienna: `Frankenstein-Dracula' variation"]
[ECO "C27"]
[NIC "VG.02"]
[Time "22:38:52"]
[TimeControl "120+12"]

1. e4 e5 2. Nc3 Nf6 3. Bc4 Nxe4 4. Qh5 Nd6 5. Bb3 Nc6 6. Nb5 g6 7. Qf3 f5 8.
Qd5 Qe7 9. Nxc7+ Kd8 10. Nxa8 b6 11. d3 Bb7 12. Nxb6 axb6 13. Qf3 Nd4 14.
Qh3 Bg7 15. Be3 e4 16. dxe4 Qxe4 17. O-O-O Qxg2 18. Bxd4 Qxh3 19. Bxb6+ Kc8
20. Nxh3 Bxh1 21. Rxh1 {Black resigns} 1-0

[Event "GambitGuide"]
[Site "Internet Chess Club"]
[Date "2014.10.31"]
[Round "1"]
[White "JSBach"]
[Black "fearlessone"]
[Result "1-0"]
[ICCResult "Black resigns"]
[WhiteElo "1653"]
[BlackElo "1812"]
[Opening "Vienna: `Frankenstein-Dracula' variation"]
[ECO "C27"]
[NIC "VG.02"]
[Time "22:38:32"]
[TimeControl "120+12"]

1. e4 e5 2. Nc3 Nf6 3. Bc4 Nxe4 4. Qh5 Nd6 5. Bb3 Nc6 6. Nb5 g6 7. Qf3 f5 8.
Qd5 Qe7 9. Nxc7+ Kd8 10. Nxa8 b6 11. d3 Bb7 12. Nxb6 axb6 13. Qf3 Nd4 14.
Qg3 Nxb3 15. axb3 Bg7 16. Be3 Bf6 17. Bxb6+ Ke8 18. b4 h5 19. Qxg6+ Kf8 20.
Be3 f4 21. Bb6 e4 22. d4 e3 23. Bc5 exf2+ 24. Kxf2 Rg8 25. Qh6+ Bg7 26. Qxd6
Bxd4+ 27. Qxd4 Rxg2+ 28. Kf1 {Black resigns} 1-0

[Event "GambitGuide"]
[Site "Internet Chess Club"]
[Date "2014.10.31"]
[Round "1"]
[White "JSBach"]
[Black "Svinotigr"]
[Result "0-1"]
[ICCResult "White checkmated"]
[WhiteElo "1653"]
[BlackElo "1757"]
[Opening "Vienna: `Frankenstein-Dracula' variation"]
[ECO "C27"]
[NIC "VG.02"]
[Time "22:33:06"]
[TimeControl "120+12"]

1. e4 e5 2. Nc3 Nf6 3. Bc4 Nxe4 4. Qh5 Nd6 5. Bb3 Nc6 6. Nb5 g6 7. Qf3 f5 8.
Qd5 Qe7 9. Nxc7+ Kd8 10. Nxa8 b6 11. d3 Bb7 12. Nxb6 axb6 13. Qf3 Nd4 14.
Qg3 Bg7 15. Bg5 Bf6 16. Bxf6 Qxf6 17. Ba4 b5 18. Bb3 g5 19. Nh3 g4 20. Ng1
h5 21. h3 h4 22. Qh2 e4 23. dxe4 Bxe4 24. hxg4 fxg4 25. O-O-O N6f5 26. Re1
g3 27. fxg3 Nxg3 28. Kb1 Qf2 29. Nh3 Bxc2+ 30. Kc1 Qf5 31. Re3 Bxb3 32. Rc3
Nde2+ 33. Kd2 Nxc3 34. Kxc3 Qc2+ 35. Kb4 Qc4+ 36. Ka5 Qa4+ 37. Kb6 Rh6+ 38.
Kb7 Qa6+ 39. Kb8 Rb6# {White checkmated} 0-1

[Event "GambitGuide"]
[Site "Internet Chess Club"]
[Date "2014.10.31"]
[Round "1"]
[White "JSBach"]
[Black "jmkchess"]
[Result "1-0"]
[ICCResult "Black resigns"]
[WhiteElo "1653"]
[BlackElo "2024"]
[Opening "Vienna: `Frankenstein-Dracula' variation"]
[ECO "C27"]
[NIC "VG.02"]
[Time "22:40:19"]
[TimeControl "120+12"]

1. e4 e5 2. Nc3 Nf6 3. Bc4 Nxe4 4. Qh5 Nd6 5. Bb3 Nc6 6. Nb5 g6 7. Qf3 f5 8.
Qd5 Qe7 9. Nxc7+ Kd8 10. Nxa8 b6 11. d3 Bb7 12. Nxb6 axb6 13. Qf3 Nd4 14.
Qg3 f4 15. Qg4 e4 16. Kd1 exd3 17. cxd3 g5 18. h4 h5 19. Qxg5 Qxg5 20. hxg5
Bxg2 21. Rh4 Ne6 22. Bxe6 dxe6 23. Bxf4 Bg7 24. Bxd6 Kd7 25. Ba3 {Black
resigns} 1-0

[Event "GambitGuide"]
[Site "Internet Chess Club"]
[Date "2014.10.31"]
[Round "1"]
[White "JSBach"]
[Black "Roaringknights"]
[Result "0-1"]
[ICCResult "White checkmated"]
[WhiteElo "1653"]
[BlackElo "1808"]
[Opening "Vienna: `Frankenstein-Dracula' variation"]
[ECO "C27"]
[NIC "VG.02"]
[Time "22:37:52"]
[TimeControl "120+12"]

1. e4 e5 2. Nc3 Nf6 3. Bc4 Nxe4 4. Qh5 Nd6 5. Bb3 Nc6 6. Nb5 g6 7. Qf3 f5 8.
Qd5 Qe7 9. Nxc7+ Kd8 10. Nxa8 b6 11. d3 e4 12. dxe4 Nxe4 13. Be3 f4 14. f3
Nf6 15. Qf7 Qxe3+ 16. Ne2 Be7 17. Rd1 Ba6 18. Bc4 Ne5 19. Qg7 Bxc4 20. Qxh8+
Ne8 21. Rd2 Bc5 22. Qxh7 Qf2+ 23. Kd1 Qxg2 24. Re1 Be3 25. Rd3 Bxd3 26. cxd3
Nxd3 27. Nxb6 axb6 28. Qf7 Nxe1 29. h4 Qf1 30. Nxf4 Nd3+ 31. Kc2 Nxf4 32.
Kb3 Qb5+ 33. Kc3 Qd3+ 34. Kb4 Bc5+ 35. Ka4 Nd5 36. Qxd5 Qxd5 37. a3 Qxf3 38.
h5 gxh5 39. Kb5 Qd3+ 40. Ka4 Nd6 41. b3 Qb5# {White checkmated} 0-1

[Event "GambitGuide"]
[Site "Internet Chess Club"]
[Date "2014.10.31"]
[Round "1"]
[White "JSBach"]
[Black "Paganini2"]
[Result "1-0"]
[ICCResult "Black checkmated"]
[WhiteElo "1670"]
[BlackElo "1459"]
[Opening "Vienna: `Frankenstein-Dracula' variation"]
[ECO "C27"]
[NIC "VG.02"]
[Time "22:39:54"]
[TimeControl "120+12"]

1. e4 e5 2. Nc3 Nf6 3. Bc4 Nxe4 4. Qh5 Nd6 5. Bb3 Nc6 6. Nb5 g6 7. Qf3 f5 8.
Qd5 Qe7 9. Nxc7+ Kd8 10. Nxa8 b6 11. d3 Nb4 12. Qf3 Bb7 13. Qg3 f4 14. Qg4
Bxa8 15. Bd2 a5 16. Bxb4 axb4 17. a3 bxa3 18. Rxa3 Bb7 19. Ra7 Kc7 20. c4
Kb8 21. Ra4 e4 22. d4 g5 23. c5 Nb5 24. cxb6 h5 25. Qf5 Bc6 26. Qg6 Qg7 27.
Qe8+ Kb7 28. Qa8+ Kxb6 29. Qb8+ Bb7 30. Qd8+ Nc7 31. h4 Qe7 32. Qxe7 Bxe7
33. hxg5 Bxg5 34. Nh3 Bh6 35. Rb4+ Kc6 36. Ba4+ Kd6 37. Rxb7 e3 38. Ke2 exf2
39. Nxf2 Re8+ 40. Kd3 Ra8 41. Rb6+ Kd5 42. Bb3# {Black checkmated} 1-0

[Event "GambitGuide"]
[Site "Internet Chess Club"]
[Date "2014.10.31"]
[Round "1"]
[White "JSBach"]
[Black "fearlessone"]
[Result "1-0"]
[ICCResult "Black resigns"]
[WhiteElo "1670"]
[BlackElo "1812"]
[Opening "Vienna: `Frankenstein-Dracula' variation"]
[ECO "C27"]
[NIC "VG.02"]
[Time "22:40:21"]
[TimeControl "120+12"]

1. e4 e5 2. Nc3 Nf6 3. Bc4 Nxe4 4. Qh5 Nd6 5. Bb3 Nc6 6. Nb5 g6 7. Qf3 f5 8.
Qd5 Qe7 9. Nxc7+ Kd8 10. Nxa8 b6 11. d3 Bb7 12. Nxb6 axb6 13. Qf3 Bg7 14.
Be3 Nd4 15. Qh3 f4 16. Bxd4 exd4+ 17. Kf1 Nf5 18. Ne2 Qf6 19. Nxf4 g5 20.
Nh5 Qg6 21. Nxg7 Nxg7 22. Qg4 h5 23. Qxd4 Rf8 24. Ba4 Qf7 25. Qxb6+ Kc8 26.
Bxd7+ Qxd7 27. Qc5+ Qc6 28. Qxf8+ Ne8 29. Rg1 {Black resigns} 1-0

[Event "GambitGuide"]
[Site "Internet Chess Club"]
[Date "2014.10.31"]
[Round "1"]
[White "JSBach"]
[Black "Svinotigr"]
[Result "0-1"]
[ICCResult "White checkmated"]
[WhiteElo "1670"]
[BlackElo "1757"]
[Opening "Vienna: `Frankenstein-Dracula' variation"]
[ECO "C27"]
[NIC "VG.02"]
[Time "22:40:32"]
[TimeControl "120+12"]

1. e4 e5 2. Nc3 Nf6 3. Bc4 Nxe4 4. Qh5 Nd6 5. Bb3 Nc6 6. Nb5 g6 7. Qf3 f5 8.
Qd5 Qe7 9. Nxc7+ Kd8 10. Nxa8 b6 11. d3 Bb7 12. Nxb6 axb6 13. Qf3 Nd4 14.
Qg3 Bg7 15. Bg5 Bf6 16. Bxf6 Qxf6 17. Ba4 b5 18. Bb3 g5 19. Nh3 g4 20. Ng1
h5 21. h3 h4 22. Qh2 e4 23. dxe4 Bxe4 24. hxg4 fxg4 25. O-O-O g3 26. fxg3
Qf2 27. Rd2 Qe1+ 28. Rd1 Qe3+ 29. Kb1 Nxb3 30. axb3 Qxb3 31. Rc1 Nc4 32.
Qxh4+ Rxh4 33. gxh4 Qxb2# {White checkmated} 0-1

[Event "GambitGuide"]
[Site "Internet Chess Club"]
[Date "2014.10.31"]
[Round "1"]
[White "JSBach"]
[Black "SlippinAway"]
[Result "0-1"]
[ICCResult "White checkmated"]
[WhiteElo "1670"]
[BlackElo "2064"]
[Opening "Vienna: `Frankenstein-Dracula' variation"]
[ECO "C27"]
[NIC "VG.02"]
[Time "22:39:54"]
[TimeControl "120+12"]

1. e4 e5 2. Nc3 Nf6 3. Bc4 Nxe4 4. Qh5 Nd6 5. Bb3 Nc6 6. Nb5 g6 7. Qf3 f5 8.
Qd5 Qe7 9. Nxc7+ Kd8 10. Nxa8 b6 11. d3 Bg7 12. Nh3 h6 13. Ba4 Bb7 14. Nxb6
axb6 15. Qb3 Kc7 16. Be3 Nc8 17. Qb5 f4 18. Bd2 g5 19. Qc4 Kb8 20. a3 h5 21.
O-O-O g4 22. Ng1 Nd4 23. Bb4 Qf6 24. f3 d5 25. Qa2 Na7 26. Bc3 Nac6 27. Qxd5
Nb4 28. Qc4 Nd5 29. Bxd4 exd4 30. Qb5 Ne3 31. Rd2 Rc8 32. Qxh5 Qe6 33. Qg5
Qa2 34. Qxf4+ Ka7 35. Qb8+ Kxb8 36. Re2 Qa1+ 37. Kd2 Qxb2 38. Ke1 gxf3 39.
gxf3 Qc1+ 40. Kf2 Qf1+ 41. Kg3 Be5+ 42. Kh4 Rh8+ 43. Kg5 Qc1 44. Bb3 Nc4+
45. Kf5 Qf4+ 46. Ke6 Qf6+ 47. Kd7 Rd8# {White checkmated} 0-1

[Event "GambitGuide"]
[Site "Internet Chess Club"]
[Date "2014.10.31"]
[Round "1"]
[White "JSBach"]
[Black "jmkchess"]
[Result "1-0"]
[ICCResult "Black resigns"]
[WhiteElo "1670"]
[BlackElo "2024"]
[Opening "Vienna: `Frankenstein-Dracula' variation"]
[ECO "C27"]
[NIC "VG.02"]
[Time "22:42:38"]
[TimeControl "120+12"]

1. e4 e5 2. Nc3 Nf6 3. Bc4 Nxe4 4. Qh5 Nd6 5. Bb3 Nc6 6. Nb5 g6 7. Qf3 f5 8.
Qd5 Qe7 9. Nxc7+ Kd8 10. Nxa8 b6 11. d3 Bb7 12. Nxb6 axb6 13. Qf3 Nd4 14.
Qh3 g5 15. Be3 g4 16. Qh5 Bg7 17. Bg5 Bf6 18. Bxf6 Qxf6 19. Kf1 e4 20. dxe4
Nxe4 21. Rd1 Re8 22. Qxh7 Re7 23. Qg8+ Kc7 24. Ba4 Ba6+ 25. c4 Bxc4+ 26.
Qxc4+ {Black resigns} 1-0

[Event "GambitGuide"]
[Site "Internet Chess Club"]
[Date "2014.10.31"]
[Round "1"]
[White "JSBach"]
[Black "tightfist"]
[Result "1-0"]
[ICCResult "Black checkmated"]
[WhiteElo "1670"]
[BlackElo "1152"]
[Opening "Vienna: `Frankenstein-Dracula' variation"]
[ECO "C27"]
[NIC "VG.02"]
[Time "22:34:07"]
[TimeControl "120+12"]

1. e4 e5 2. Nc3 Nf6 3. Bc4 Nxe4 4. Qh5 Nd6 5. Bb3 Nc6 6. Nb5 g6 7. Qf3 f5 8.
Qd5 Qe7 9. Nxc7+ Kd8 10. Nxa8 b6 11. d3 Qe6 12. Qxe6 dxe6 13. Bg5+ Be7 14.
Bh6 Bf8 15. Bg5+ Be7 16. Bh6 Rg8 17. Nf3 Kd7 18. Ng5 Bxg5 19. Nxb6+ Kc7 20.
Na8+ Kb7 21. Bxg5 Kxa8 22. f3 Na5 23. Ba4 Nf7 24. Bd2 Nc6 25. Bxc6+ Kb8 26.
c3 Nd8 27. Bb5 Nb7 28. O-O Nd6 29. Bc6 Kc7 30. Ba4 Ba6 31. Bc2 Nb5 32. Rac1
Rd8 33. c4 Nd4 34. Ba5+ Kc8 35. Bxd8 Kxd8 36. Rfe1 Nc6 37. a4 Kd7 38. Kf2 g5
39. Re3 h5 40. Ree1 f4 41. Re2 Nd4 42. Rxe5 g4 43. Rxh5 gxf3 44. Rh7+ Kd6
45. Rxa7 e5 46. Rxa6+ Kc5 47. Ra5+ Kd6 48. gxf3 Nc6 49. Rd5+ Ke6 50. h4 Nd4
51. b4 Nf5 52. h5 Ne3 53. h6 Nxd5 54. cxd5+ Kf7 55. h7 Kg7 56. d6 Kxh7 57.
d7 Kg7 58. d8=Q Kg6 59. Rg1+ Kf7 60. Bb3# {Black checkmated} 1-0

[Event "GambitGuide"]
[Site "Internet Chess Club"]
[Date "2014.10.31"]
[Round "1"]
[White "JSBach"]
[Black "Submundo"]
[Result "0-1"]
[ICCResult "White checkmated"]
[WhiteElo "1670"]
[BlackElo "1557"]
[Opening "Vienna: `Frankenstein-Dracula' variation"]
[ECO "C27"]
[NIC "VG.02"]
[Time "22:39:52"]
[TimeControl "120+12"]

1. e4 e5 2. Nc3 Nf6 3. Bc4 Nxe4 4. Qh5 Nd6 5. Bb3 Nc6 6. Nb5 g6 7. Qf3 f5 8.
Qd5 Qe7 9. Nxc7+ Kd8 10. Nxa8 b6 11. d3 Nd4 12. h4 Bg7 13. Bg5 Bf6 14. c3
Bb7 15. cxd4 Bxd5 16. Bxf6 Qxf6 17. Bxd5 exd4 18. Ne2 Re8 19. Kf1 Qe5 20.
Bf3 Nb7 21. Kg1 Nc5 22. Rd1 d5 23. b4 Na4 24. Rc1 Nc3 25. Re1 Qb8 26. Nxb6
Qxb6 27. a3 h5 28. Kh2 Qd6+ 29. g3 Nxe2 30. Rxe2 Rxe2 31. Bxe2 f4 32. Rf1
Qe5 33. Bd1 Qf5 34. Bc2 fxg3+ 35. Kg1 g2 36. Re1 Qh3 37. f4 Qh1+ 38. Kf2
Qxe1+ 39. Kxe1 g1=Q+ 40. Kd2 Qe3+ 41. Kd1 Qxf4 42. Bb3 g5 43. hxg5 Qxg5 44.
b5 h4 45. b6 axb6 46. Bxd5 Qxd5 47. Ke2 h3 48. Kf2 Qg2+ 49. Ke1 h2 50. a4
h1=Q# {White checkmated} 0-1

[Event "GambitGuide"]
[Site "Internet Chess Club"]
[Date "2014.10.31"]
[Round "1"]
[White "JSBach"]
[Black "Roaringknights"]
[Result "1-0"]
[ICCResult "Black resigns"]
[WhiteElo "1670"]
[BlackElo "1808"]
[Opening "Vienna: `Frankenstein-Dracula' variation"]
[ECO "C27"]
[NIC "VG.02"]
[Time "22:43:09"]
[TimeControl "120+12"]

1. e4 e5 2. Nc3 Nf6 3. Bc4 Nxe4 4. Qh5 Nd6 5. Bb3 Nc6 6. Nb5 g6 7. Qf3 f5 8.
Qd5 Qe7 9. Nxc7+ Kd8 10. Nxa8 b6 11. d3 Bb7 12. Nxb6 axb6 13. Qf3 e4 14. Qe3
f4 15. Qxb6+ Kc8 16. Bxf4 exd3+ 17. Be3 Bh6 18. cxd3 Re8 19. Bd5 Nf5 20. Be4
Nxe3 21. fxe3 d5 22. Rc1 dxe4 23. Rxc6+ Bxc6 24. Qxc6+ Kd8 25. Qa8+ Kd7 26.
Qa4+ Ke6 27. Qxe4+ Kf7 28. Qxe7+ Rxe7 29. e4 {Black resigns} 1-0

[Event "GambitGuide"]
[Site "Internet Chess Club"]
[Date "2014.10.31"]
[Round "1"]
[White "JSBach"]
[Black "fearlessone"]
[Result "1-0"]
[ICCResult "Black resigns"]
[WhiteElo "1670"]
[BlackElo "1812"]
[Opening "Vienna: `Frankenstein-Dracula' variation"]
[ECO "C27"]
[NIC "VG.02"]
[Time "22:42:40"]
[TimeControl "120+12"]

1. e4 e5 2. Nc3 Nf6 3. Bc4 Nxe4 4. Qh5 Nd6 5. Bb3 Nc6 6. Nb5 g6 7. Qf3 f5 8.
Qd5 Qe7 9. Nxc7+ Kd8 10. Nxa8 b6 11. d3 Bb7 12. Nxb6 axb6 13. Qf3 Bg7 14.
Be3 h5 15. Bxb6+ Kc8 16. Qd5 e4 17. dxe4 Nxe4 18. O-O-O Re8 19. g3 d6 20.
Qf7 Qxf7 21. Bxf7 Re7 22. Bxg6 Nb4 23. Bxf5+ Kb8 24. a3 Nd5 25. Bxe4 Rxe4
26. f3 Nxb6 27. fxe4 Bxe4 28. Ne2 Bxh1 29. Rxh1 Nc4 30. c3 {Black resigns}
1-0

[Event "GambitGuide"]
[Site "Internet Chess Club"]
[Date "2014.10.31"]
[Round "1"]
[White "JSBach"]
[Black "jmkchess"]
[Result "1-0"]
[ICCResult "Black checkmated"]
[WhiteElo "1670"]
[BlackElo "2024"]
[Opening "Vienna: `Frankenstein-Dracula' variation"]
[ECO "C27"]
[NIC "VG.02"]
[Time "22:43:45"]
[TimeControl "120+12"]

1. e4 e5 2. Nc3 Nf6 3. Bc4 Nxe4 4. Qh5 Nd6 5. Bb3 Nc6 6. Nb5 g6 7. Qf3 f5 8.
Qd5 Qe7 9. Nxc7+ Kd8 10. Nxa8 b6 11. d3 Bb7 12. Nxb6 axb6 13. Qf3 Nd4 14.
Qg3 f4 15. Qg4 Bg7 16. Ba4 h5 17. Qh3 g5 18. f3 g4 19. fxg4 hxg4 20. Qxg4
Rh4 21. Qg6 Rh6 22. Qg4 Rh4 23. Qg6 Rh6 24. Qg4 b5 25. Bb3 N6f5 26. a4 Nxb3
27. cxb3 Nh4 28. Nf3 Nxf3+ 29. gxf3 Rh4 30. Qg2 Qb4+ 31. Bd2 Qxb3 32. Qg5+
Kc7 33. Qxh4 Qxd3 34. Rc1+ Kb6 35. Rg1 Bxf3 36. Qd8+ Ka6 37. Qa5+ Kb7 38.
Rc7+ Kb8 39. Qa7# {Black checkmated} 1-0

[Event "GambitGuide"]
[Site "Internet Chess Club"]
[Date "2014.10.31"]
[Round "1"]
[White "JSBach"]
[Black "Roaringknights"]
[Result "1-0"]
[ICCResult "Black resigns"]
[WhiteElo "1670"]
[BlackElo "1808"]
[Opening "Vienna: `Frankenstein-Dracula' variation"]
[ECO "C27"]
[NIC "VG.02"]
[Time "22:45:12"]
[TimeControl "120+12"]

1. e4 e5 2. Nc3 Nf6 3. Bc4 Nxe4 4. Qh5 Nd6 5. Bb3 Nc6 6. Nb5 g6 7. Qf3 f5 8.
Qd5 Qe7 9. Nxc7+ Kd8 10. Nxa8 b6 11. d3 e4 12. dxe4 Nxe4 13. Be3 f4 14. f3
Nc5 15. Ne2 Qxe3 16. Qg5+ Be7 17. Qxf4 Bg5 18. Qc7+ {Black resigns} 1-0

[Event "GambitGuide"]
[Site "Internet Chess Club"]
[Date "2014.10.31"]
[Round "1"]
[White "JSBach"]
[Black "anticreep"]
[Result "0-1"]
[ICCResult "White checkmated"]
[WhiteElo "1670"]
[BlackElo "1487"]
[Opening "Vienna: `Frankenstein-Dracula' variation"]
[ECO "C27"]
[NIC "VG.02"]
[Time "22:43:58"]
[TimeControl "120+12"]

1. e4 e5 2. Nc3 Nf6 3. Bc4 Nxe4 4. Qh5 Nd6 5. Bb3 Nc6 6. Nb5 g6 7. Qf3 f5 8.
Qd5 Qe7 9. Nxc7+ Kd8 10. Nxa8 b6 11. d3 Bb7 12. Nxb6 axb6 13. Qf3 Nd4 14.
Qg3 f4 15. Qg4 Qg7 16. Ba4 h5 17. Qh3 g5 18. c3 g4 19. Qh4+ Be7 20. Qxe7+
Kxe7 21. cxd4 exd4 22. Kf1 Qf6 23. Bd2 h4 24. Re1+ Kd8 25. Ne2 Bxg2+ 26.
Kxg2 f3+ 27. Kg1 fxe2 28. Rxe2 h3 29. Bb4 Qf3 30. Bc6 dxc6 31. Re8+ Rxe8 32.
Bxd6 Re1# {White checkmated} 0-1

[Event "GambitGuide"]
[Site "Internet Chess Club"]
[Date "2014.10.31"]
[Round "1"]
[White "JSBach"]
[Black "maxhappy"]
[Result "1-0"]
[ICCResult "Black resigns"]
[WhiteElo "1670"]
[BlackElo "1907"]
[Opening "Vienna: `Frankenstein-Dracula' variation"]
[ECO "C27"]
[NIC "VG.02"]
[Time "22:46:18"]
[TimeControl "120+12"]

1. e4 e5 2. Nc3 Nf6 3. Bc4 Nxe4 4. Qh5 Nd6 5. Bb3 Nc6 6. Nb5 g6 7. Qf3 f5 8.
Qd5 Qe7 9. Nxc7+ Kd8 10. Nxa8 b6 11. d3 Nd4 12. f4 exf4+ 13. Kf1 Bg7 14.
Bxf4 {Black resigns} 1-0